[Event "Serbian League Women 2024"]
[Site "Bajina Basta"]
[Date "2024.09.29"]
[Round "3.1"]
[White "Gaponenko, Inna"]
[Black "Savitha Shri B"]
[Result "1-0"]
[ECO "B22"]
[WhiteElo "2324"]
[BlackElo "2348"]
[Annotator "RC"]
[PlyCount "109"]
[EventDate "2024.09.26"]
[EventType "team-tourn"]
[EventCountry "SRB"]
[SourceTitle "playchess.com"]
[Source "ChessBase"]
[SourceQuality "1"]
[TimeControl "40/5400+30:1800+30"]

1. e4 c5 2. c3 Nf6 3. e5 Nd5 4. Nf3 Nc6 5. d4 cxd4 6. cxd4 d6 7. Bc4 Nb6 8. Bb5 Bd7 9. Nc3 dxe5 10. Nxe5 Nxe5 11. dxe5 Bxb5 12. Nxb5 Qxd1+ 13. Kxd1 O-O-O+ 14. Ke2 Rd5 15. a4 a6 16. Be3 Rxe5 17. Rac1+ Kd8 18. Rhd1+ Nd5 19. Nc3 e6 20. Nxd5 exd5 21. f4 Rh5 22. Bb6+ Kd7 23. Rc7+ Ke6 24. Kf3 Bb4 25. Rxb7 Rc8 26. Bd4 a5 27. h3 g6 28. Rd3 Rc4 29. b3 Rc1 30. Re3+ Kd6 31. Be5+ Rxe5 32. Rxe5 Rf1+ 33. Kg3 Be1+ 34. Kh2 Bd2 35. g3 Bc3 36. Re8 Rf2+ 37. Kh1 d4 38. Rxf7 d3 39. Rd8+ Ke6 40. Rxh7 d2 41. Rhd7 Bb4 42. Rd4 Kf6 43. R8d5 Re2 44. Rd3 Rf2 45. Kg1 Re2 46. Kf1 Rh2 47. g4 Kg7 48. Kg1 Re2 49. h4 Kg8 50. Kf1 Rh2 51. h5 Kg7 52. hxg6 Rh4 53. f5 Rxg4 54. Rxd2 Bxd2 55. Rxd2 1-0

[Event "Serbian League Women 2024"]
[Site "Bajina Basta"]
[Date "2024.09.29"]
[Round "3.2"]
[White "Toncheva, Nadya"]
[Black "Doluhanova, Evgeniya"]
[Result "0-1"]
[ECO "C67"]
[WhiteElo "2301"]
[BlackElo "2304"]
[Annotator "RC"]
[PlyCount "118"]
[EventDate "2024.09.26"]
[EventType "team-tourn"]
[EventCountry "SRB"]
[SourceTitle "playchess.com"]
[Source "ChessBase"]
[SourceQuality "1"]
[TimeControl "40/5400+30:1800+30"]

1. e4 e5 2. Nf3 Nc6 3. Bb5 Nf6 4. O-O Nxe4 5. d4 Nd6 6. dxe5 Nxb5 7. a4 Nbd4 8. Nxd4 Nxd4 9. Qxd4 d5 10. Nc3 c6 11. a5 Be7 12. b4 O-O 13. Re1 Be6 14. Bf4 b6 15. b5 Qc7 16. Red1 Rfd8 17. h3 bxa5 18. bxc6 Bb4 19. Ne2 Qxc6 20. c3 Bc5 21. Qd3 Bb6 22. Nd4 Qe8 23. Bg5 Rdc8 24. f4 Qd7 25. Kh2 Bxd4 26. cxd4 h6 27. Bh4 Bf5 28. Qg3 a4 29. Rd2 Rab8 30. Re1 Rb3 31. Re3 Rcb8 32. Rde2 Qe6 33. Qe1 Rxe3 34. Rxe3 Rb3 35. Qd2 Be4 36. Rxe4 dxe4 37. d5 Qd7 38. d6 Rd3 39. Qb4 Qf5 40. Bg3 g5 41. fxg5 hxg5 42. e6 Qxe6 43. Qxa4 Rxg3 44. Kxg3 Qxd6+ 45. Kf2 Qd2+ 46. Kf1 Qd3+ 47. Kg1 Qb1+ 48. Kf2 Qb6+ 49. Ke2 a6 50. Qe8+ Kg7 51. Qe5+ Qf6 52. Qd5 Qb2+ 53. Ke3 Qb6+ 54. Kd2 e3+ 55. Kc2 Qg6+ 56. Kc1 Qf6 57. Kd1 e2+ 58. Kd2 e1=Q+ 59. Kxe1 Qe6+ 0-1

[Event "Serbian League Women 2024"]
[Site "Bajina Basta"]
[Date "2024.09.29"]
[Round "3.3"]
[White "Petronic, Sanja"]
[Black "Grozdanovic, Anastasia"]
[Result "0-1"]
[ECO "B23"]
[WhiteElo "2081"]
[BlackElo "2041"]
[Annotator "NA RC"]
[PlyCount "56"]
[EventDate "2024.09.26"]
[EventType "team-tourn"]
[EventCountry "SRB"]
[SourceTitle "playchess.com"]
[Source "ChessBase"]
[SourceQuality "1"]
[TimeControl "40/5400+30:1800+30"]

1. e4 c5 2. Nc3 e6 3. g3 d5 4. d3 d4 5. Nce2 Nc6 6. f4 h5 7. Nf3 Be7 8. Bg2 b6 9. c3 dxc3 10. bxc3 h4 11. Nxh4 Bxh4 12. gxh4 Qxh4+ 13. Ng3 e5 14. f5 Nf6 15. Be3 Nh5 16. Qa4 Bd7 17. Qc2 Nf4 18. Bf3 Rc8 19. Qd2 Rd8 20. O-O-O Na5 21. Bxf4 exf4 22. Ne2 Ba4 23. Rdg1 Nc4 24. Qxf4 Rxd3 25. Qb8+ Rd8 26. Qf4 Qe7 27. e5 Qd7 28. Kb1 Qb5+ 0-1

[Event "Serbian League Women 2024"]
[Site "Bajina Basta"]
[Date "2024.09.29"]
[Round "3.4"]
[White "Mihajlovic, Milena"]
[Black "Urosevic, Marija"]
[Result "1-0"]
[ECO "E11"]
[WhiteElo "2065"]
[BlackElo "2060"]
[Annotator "NA RC"]
[PlyCount "87"]
[EventDate "2024.09.26"]
[EventType "team-tourn"]
[EventCountry "SRB"]
[SourceTitle "playchess.com"]
[Source "ChessBase"]
[SourceQuality "1"]
[TimeControl "40/5400+30:1800+30"]

1. d4 Nf6 2. c4 e6 3. Nf3 Bb4+ 4. Bd2 Bxd2+ 5. Qxd2 Ne4 6. Qc2 f5 7. Nc3 Nxc3 8. bxc3 O-O 9. e4 d6 10. Bd3 h6 11. O-O Nc6 12. Rfe1 Ne7 13. Rad1 Bd7 14. exf5 Nxf5 15. c5 Nh4 16. Nxh4 Qxh4 17. Re4 Qg5 18. Re3 Bc6 19. Rg3 Qf4 20. cxd6 cxd6 21. Re1 Rae8 22. h3 Kh8 23. Rg4 Qf6 24. Rg6 Qf4 25. Rgxe6 Rxe6 26. Rxe6 Qg5 27. Rg6 Qe7 28. Qd2 Be8 29. Rg3 Bh5 30. Re3 Qg5 31. Qe1 d5 32. Re5 Qh4 33. Rxd5 Bf7 34. Rd7 Bxa2 35. Rxb7 Bd5 36. Rxa7 Qg5 37. Bf1 Qg6 38. c4 Re8 39. Re7 Rxe7 40. Qxe7 Be6 41. h4 Bf5 42. d5 Qg4 43. d6 Qd4 44. Qf8+ 1-0

[Event "Serbian League Women 2024"]
[Site "Bajina Basta"]
[Date "2024.09.29"]
[Round "3.5"]
[White "Garifullina, Leya"]
[Black "Chelushkina, Irina"]
[Result "1-0"]
[ECO "B33"]
[WhiteElo "2438"]
[BlackElo "2167"]
[Annotator "RC"]
[PlyCount "67"]
[EventDate "2024.09.26"]
[EventType "team-tourn"]
[EventCountry "SRB"]
[SourceTitle "playchess.com"]
[Source "ChessBase"]
[SourceQuality "1"]
[TimeControl "40/5400+30:1800+30"]

1. e4 c5 2. Nf3 Nc6 3. d4 cxd4 4. Nxd4 Nf6 5. Nc3 e5 6. Ndb5 d6 7. Nd5 Nxd5 8. exd5 Nb8 9. a4 Be7 10. Be2 O-O 11. Bd2 Nd7 12. a5 a6 13. Na3 Bg5 14. Bb4 b5 15. axb6 Qxb6 16. c3 Nc5 17. Nc4 Qc7 18. Nxd6 Qxd6 19. Ra5 Qd8 20. Rxc5 a5 21. Ba3 Bd7 22. O-O e4 23. d6 Re8 24. Rc7 Bf4 25. g3 Be5 26. Qd5 Rc8 27. Bb5 Bxb5 28. Rxf7 Bxf1 29. Rd7+ Kh8 30. Rxd8 Rcxd8 31. Kxf1 Bf6 32. Ke2 Re5 33. Qf7 h6 34. c4 1-0

[Event "Serbian League Women 2024"]
[Site "Bajina Basta"]
[Date "2024.09.29"]
[Round "3.6"]
[White "Borisova, Ekaterina"]
[Black "Rakhmangulova, Anastasiya"]
[Result "0-1"]
[ECO "E63"]
[WhiteElo "2205"]
[BlackElo "2283"]
[Annotator "RC"]
[PlyCount "124"]
[EventDate "2024.09.26"]
[EventType "team-tourn"]
[EventCountry "SRB"]
[SourceTitle "playchess.com"]
[Source "ChessBase"]
[SourceQuality "1"]
[TimeControl "40/5400+30:1800+30"]

1. d4 g6 2. c4 Bg7 3. Nf3 d6 4. Nc3 Nf6 5. g3 O-O 6. Bg2 Nc6 7. O-O a6 8. b3 Rb8 9. d5 Na5 10. Bg5 c5 11. dxc6 Nxc6 12. Rc1 Bd7 13. Ne1 Qa5 14. Qd2 Rfc8 15. Nd3 b5 16. c5 dxc5 17. Nxc5 Be8 18. Rfd1 Rd8 19. Nd5 Qxd2 20. Nxf6+ Bxf6 21. Bxd2 Nd4 22. Kf1 b4 23. Nxa6 Nxe2 24. Nxb8 Nxc1 25. Rxc1 Rxb8 26. Bxb4 Rxb4 27. Rc8 h5 28. Rxe8+ Kg7 29. Ke2 h4 30. Bd5 Rd4 31. Bc4 Re4+ 32. Kf3 Re1 33. Rc8 Bd4 34. a4 f5 35. gxh4 Re4 36. Rc7 Kf6 37. Rc6+ Kg7 38. Rc7 Rxh4 39. Rxe7+ Kf6 40. Rf7+ Kg5 41. Rd7 Rf4+ 42. Ke2 Rxf2+ 43. Kd3 Bc5 44. Bd5 Rxh2 45. a5 Rh4 46. Bc6 Kf6 47. a6 g5 48. Kc3 Bb4+ 49. Kc2 Bc5 50. Rb7 Rh2+ 51. Kb1 g4 52. b4 Bd4 53. b5 Rb2+ 54. Kc1 Ra2 55. Rd7 Be3+ 56. Kb1 Ra5 57. Kc2 f4 58. Kd3 Ra3+ 59. Kc4 f3 60. Rd3 Rxd3 61. Kxd3 Bb6 62. Bd7 g3 0-1

[Event "Serbian League Women 2024"]
[Site "Bajina Basta"]
[Date "2024.09.29"]
[Round "3.7"]
[White "Mandura, Tijana"]
[Black "Mihailova, Alina"]
[Result "1-0"]
[ECO "C47"]
[WhiteElo "2207"]
[BlackElo "1969"]
[Annotator "RC"]
[PlyCount "69"]
[EventDate "2024.09.26"]
[EventType "team-tourn"]
[EventCountry "SRB"]
[SourceTitle "playchess.com"]
[Source "ChessBase"]
[SourceQuality "1"]
[TimeControl "40/5400+30:1800+30"]

1. e4 e5 2. Nf3 Nc6 3. Nc3 Nf6 4. d4 exd4 5. Nxd4 Bb4 6. Nxc6 bxc6 7. Bd3 d5 8. exd5 O-O 9. O-O Bg4 10. Be2 Bxe2 11. Nxe2 cxd5 12. Nd4 Qd7 13. Qf3 Rfe8 14. Bf4 Re4 15. Rad1 Rae8 16. h3 c5 17. Nb3 c4 18. Nd4 Bc5 19. Be3 Qb7 20. b3 Qa6 21. Nf5 Bxe3 22. fxe3 Qb6 23. Kh1 Qe6 24. Rd2 Rf8 25. Rdf2 Nd7 26. Qg3 Qg6 27. Qc7 Nf6 28. Ne7+ Rxe7 29. Qxe7 Ne4 30. Rxf7 Ng3+ 31. Kg1 Ne2+ 32. Kh2 Qxf7 33. Rxf7 Rxf7 34. Qd8+ Rf8 35. Qxd5+ 1-0

[Event "Serbian League Women 2024"]
[Site "Bajina Basta"]
[Date "2024.09.29"]
[Round "3.9"]
[White "Pogorelskikh, Sofia"]
[Black "Maltsevskaya, Aleksandra"]
[Result "1/2-1/2"]
[ECO "C64"]
[WhiteElo "2176"]
[BlackElo "2404"]
[Annotator "RC"]
[PlyCount "98"]
[EventDate "2024.09.26"]
[EventType "team-tourn"]
[EventCountry "SRB"]
[SourceTitle "playchess.com"]
[Source "ChessBase"]
[SourceQuality "1"]
[TimeControl "40/5400+30:1800+30"]

1. e4 e5 2. Nf3 Nc6 3. Bb5 a6 4. Ba4 Bc5 5. c3 Nge7 6. O-O Ng6 7. d4 Ba7 8. Bg5 f6 9. Be3 O-O 10. Nbd2 d6 11. Re1 Kh8 12. h3 exd4 13. Nxd4 Nxd4 14. cxd4 f5 15. d5 Bxe3 16. Rxe3 f4 17. Rc3 b5 18. Bc2 b4 19. Rb3 a5 20. a3 bxa3 21. Rbxa3 Qf6 22. b4 a4 23. Bxa4 Ne5 24. Bb5 Rxa3 25. Rxa3 f3 26. Nxf3 Bxh3 27. Qe1 Bg4 28. Nxe5 Qxe5 29. f3 Bh5 30. Qa1 Qf4 31. Ra8 h6 32. Bd7 Rxa8 33. Qxa8+ Kh7 34. Bf5+ Bg6 35. Qf8 Bxf5 36. Qxf5+ Qxf5 37. exf5 g6 38. fxg6+ Kxg6 39. Kf2 Kf5 40. Ke3 Ke5 41. f4+ Kxd5 42. g4 c6 43. Kd3 Ke6 44. Kc4 Kf6 45. b5 cxb5+ 46. Kxb5 Kf7 47. Kc4 Ke6 48. Kd4 Ke7 49. Kd5 Kd7 1/2-1/2

[Event "Serbian League Women 2024"]
[Site "Bajina Basta"]
[Date "2024.09.29"]
[Round "3.10"]
[White "Prudnikova, Svetlana"]
[Black "Zherebtsova, Alexandra"]
[Result "1-0"]
[ECO "D36"]
[WhiteElo "2117"]
[BlackElo "2239"]
[Annotator "RC"]
[PlyCount "179"]
[EventDate "2024.09.26"]
[EventType "team-tourn"]
[EventCountry "SRB"]
[SourceTitle "playchess.com"]
[Source "ChessBase"]
[SourceQuality "1"]
[TimeControl "40/5400+30:1800+30"]

1. d4 Nf6 2. c4 e6 3. Nc3 d5 4. cxd5 exd5 5. Bg5 c6 6. Qc2 Bd6 7. e3 O-O 8. Bd3 h6 9. Bh4 Re8 10. Nge2 Nbd7 11. h3 Nf8 12. O-O Be7 13. f3 Nh5 14. Bf2 c5 15. Rad1 c4 16. Bf5 Ne6 17. Bxe6 Bxe6 18. e4 Qd7 19. g4 Nf6 20. Ng3 g5 21. e5 Nh7 22. Nf5 Bf8 23. Be3 f6 24. f4 b5 25. Ne2 Bxf5 26. gxf5 b4 27. Ng3 a5 28. Rd2 Qb5 29. Rg2 Kf7 30. Qe2 Ke7 31. fxg5 Nxg5 32. Bxg5 hxg5 33. Nh5 fxe5 34. dxe5 Kd8 35. e6 Bc5+ 36. Kh1 Qc6 37. Rd1 d4 38. Qxc4 Qf3 39. Rxd4+ Bxd4 40. Qxd4+ Kc7 41. Qc5+ Kb7 42. Qb5+ Kc7 43. Kh2 Qd1 44. Qc5+ Kb7 45. Rc2 Ra6 46. Nf6 Rh8 47. Qb5+ Rb6 48. Qd5+ Qxd5 49. Nxd5 Rd6 50. Rc7+ Kb8 51. Rc5 g4 52. e7 gxh3 53. f6 Re6 54. f7 Re2+ 55. Kg3 Rxe7 56. Nxe7 h2 57. Ng8 Rh3+ 58. Kg4 Rf3 59. Rf5 Rxf5 60. Kxf5 h1=Q 61. f8=Q+ Kb7 62. Qe7+ Kb6 63. Qe6+ Kb5 64. Qe5+ Kb6 65. Nf6 Qb1+ 66. Ke6 Qxa2+ 67. Kd6 Qc4 68. Nd5+ Ka6 69. Qe8 Ka7 70. Qd7+ Ka6 71. Qc6+ Qxc6+ 72. Kxc6 a4 73. Nxb4+ Ka5 74. Nc2 a3 75. bxa3 Ka6 76. Kc5 Ka5 77. Kc4 Ka4 78. Kc3 Kb5 79. Kb3 Ka5 80. Nd4 Kb6 81. Kb4 Ka6 82. a4 Kb6 83. a5+ Ka6 84. Nc6 Kb7 85. Kb5 Ka8 86. Ne7 Kb7 87. a6+ Kc7 88. Nd5+ Kc8 89. Kb6 Kb8 90. a7+ 1-0

[Event "Serbian League Women 2024"]
[Site "Bajina Basta"]
[Date "2024.09.29"]
[Round "3.11"]
[White "Ibrahimova, Sabina"]
[Black "Drljevic, Ljilja"]
[Result "1-0"]
[ECO "E91"]
[WhiteElo "2199"]
[BlackElo "2102"]
[Annotator "RC"]
[PlyCount "57"]
[EventDate "2024.09.26"]
[EventType "team-tourn"]
[EventCountry "SRB"]
[SourceTitle "playchess.com"]
[Source "ChessBase"]
[SourceQuality "1"]
[TimeControl "40/5400+30:1800+30"]

1. c4 g6 2. Nc3 Bg7 3. d4 d6 4. Nf3 Nf6 5. e4 O-O 6. Be2 c6 7. O-O Na6 8. h3 e5 9. dxe5 dxe5 10. Qc2 Nh5 11. Bg5 Qc7 12. Be3 Nf4 13. c5 Nxe2+ 14. Qxe2 Qe7 15. Rac1 f5 16. exf5 gxf5 17. Bf4 Nxc5 18. Nxe5 Ne6 19. Nf3 Qb4 20. Be5 Bh6 21. Rcd1 Re8 22. Bd6 Qa5 23. Rfe1 b5 24. Nd4 b4 25. Qh5 Bd7 26. Nxf5 Kh8 27. Be5+ Bg7 28. Nxg7 Nxg7 29. Bxg7+ 1-0

[Event "Serbian League Women 2024"]
[Site "Bajina Basta"]
[Date "2024.09.29"]
[Round "3.12"]
[White "Radenkovic, Mila"]
[Black "Djukic, Sandra"]
[Result "1/2-1/2"]
[ECO "B48"]
[WhiteElo "1910"]
[BlackElo "2126"]
[Annotator "RC"]
[PlyCount "83"]
[EventDate "2024.09.26"]
[EventType "team-tourn"]
[EventCountry "SRB"]
[SourceTitle "playchess.com"]
[Source "ChessBase"]
[SourceQuality "1"]
[TimeControl "40/5400+30:1800+30"]

1. e4 c5 2. Nf3 Nc6 3. d4 cxd4 4. Nxd4 Qc7 5. Nc3 e6 6. a3 a6 7. Be3 Nf6 8. Nxc6 bxc6 9. Bc4 Bd6 10. h3 Be5 11. O-O O-O 12. Bd4 Qd6 13. Bxe5 Qxe5 14. Re1 Rb8 15. Bb3 c5 16. Qd3 Bb7 17. Rad1 Rfd8 18. Qd6 Qh5 19. Re3 Bc6 20. Rde1 Ne8 21. Qe7 Qe5 22. f4 Qd6 23. Qh4 Qd4 24. Kh1 c4 25. Ba4 Bxa4 26. Nxa4 Rdc8 27. Qg3 Nf6 28. Qf3 d5 29. Rd1 dxe4 30. Rxd4 exf3 31. Rxf3 Nd5 32. f5 Nb6 33. Nc3 Rd8 34. Rxd8+ Rxd8 35. fxe6 fxe6 36. Ne4 Rd1+ 37. Kh2 Rc1 38. Rf2 Nd5 39. Nc5 Ne3 40. Nxe6 Nf1+ 41. Kg1 Ne3+ 42. Kh2 1/2-1/2

[Event "Serbian League Women 2024"]
[Site "Bajina Basta"]
[Date "2024.09.29"]
[Round "3.13"]
[White "Osmak, Yuliia"]
[Black "Unuk, Laura"]
[Result "1/2-1/2"]
[ECO "D33"]
[WhiteElo "2471"]
[BlackElo "2316"]
[Annotator "TA"]
[PlyCount "69"]
[EventDate "2024.09.26"]
[EventType "team-tourn"]
[EventCountry "SRB"]
[SourceTitle "playchess.com"]
[Source "ChessBase"]
[SourceQuality "1"]
[TimeControl "40/5400+30:1800+30"]

1. c4 e6 2. Nc3 d5 3. d4 c5 4. cxd5 exd5 5. Nf3 Nc6 6. g3 Nf6 7. Bg2 cxd4 8. Nxd4 Bc5 9. Nxc6 bxc6 10. O-O O-O 11. Qc2 Bb6 12. Na4 Bd7 13. Nxb6 axb6 14. a4 Re8 15. b4 b5 16. e3 (16. a5 $16) 16... Qe7 $11 17. Bd2 bxa4 18. Rxa4 Rxa4 19. Qxa4 Ne4 20. Qa2 h5 21. b5 cxb5 22. Qxd5 {[%emt 0:00:10] [#] Bxe4 would now be deadly.} Nxd2 23. Qxd2 Be6 24. Rb1 Bc4 25. h4 Rd8 26. Qa5 Rb8 27. Qc3 Qe6 28. Qb4 Rd8 29. Qa5 Rb8 30. Qc7 Rc8 31. Qa5 Qd6 32. Bb7 Rb8 33. Bf3 {[%emt 0:01:05] The position is equal.} g6 34. Qc3 Rd8 35. Qa5 {[%emt 0:02:32] Weighted Error Value: White=0.11 (very precise) /Black=0.06 (flawless) .  Mistake:       	White=1     	---        Inaccurate:     	---       	Black=1      OK:         	White=8     	Black=10} 1/2-1/2

[Event "Serbian League Women 2024"]
[Site "Bajina Basta"]
[Date "2024.09.29"]
[Round "3.14"]
[White "Lach, Aleksandra"]
[Black "Roebers, Eline"]
[Result "1/2-1/2"]
[ECO "C02"]
[WhiteElo "2278"]
[BlackElo "2340"]
[Annotator "RC"]
[PlyCount "102"]
[EventDate "2024.09.26"]
[EventType "team-tourn"]
[EventCountry "SRB"]
[SourceTitle "playchess.com"]
[Source "ChessBase"]
[SourceQuality "1"]
[TimeControl "40/5400+30:1800+30"]

1. e4 e6 2. d4 d5 3. e5 c5 4. c3 Nc6 5. Nf3 Qb6 6. Be2 Nh6 7. Bxh6 gxh6 8. Qd2 Bg7 9. O-O Bd7 10. Na3 cxd4 11. cxd4 O-O 12. Nc2 f6 13. exf6 Rxf6 14. b4 Raf8 15. b5 Ne7 16. Ne5 Be8 17. a4 Ng6 18. Ng4 Rf4 19. a5 Qd8 20. g3 h5 21. Nge3 R4f6 22. Bxh5 Nf4 23. Bg4 h5 24. gxf4 hxg4 25. Ng2 Bh6 26. Qe2 Rg6 27. a6 b6 28. Ra3 Bxf4 29. Nxf4 Rxf4 30. Rg3 Qh4 31. Ne3 Re4 32. Kh1 Kh7 33. Rfg1 Rh6 34. h3 Bg6 35. Qc2 Rf4 36. Qc7+ Rf7 37. Rc1 gxh3 38. Ng4 Rh5 39. Ne5 Rhf5 40. Nxf7 Rxf7 41. Kh2 Rxc7 42. Rxc7+ Kg8 43. Rxg6+ Kf8 44. Rg3 Qf4 45. Rc8+ Ke7 46. Kxh3 Qf5+ 47. Kg2 Qe4+ 48. f3 Qxd4 49. Rc7+ Kd6 50. Rxa7 Qd2+ 51. Kh3 Qh6+ 1/2-1/2

[Event "Serbian League Women 2024"]
[Site "Bajina Basta"]
[Date "2024.09.29"]
[Round "3.15"]
[White "Maksimovic, Suzana"]
[Black "Bojicic, Andjela"]
[Result "1/2-1/2"]
[ECO "A26"]
[WhiteElo "2052"]
[BlackElo "2071"]
[Annotator "RC"]
[PlyCount "73"]
[EventDate "2024.09.26"]
[EventType "team-tourn"]
[EventCountry "SRB"]
[SourceTitle "playchess.com"]
[Source "ChessBase"]
[SourceQuality "1"]
[TimeControl "40/5400+30:1800+30"]

1. Nf3 Nf6 2. c4 g6 3. Nc3 Bg7 4. g3 O-O 5. Bg2 d6 6. O-O Nc6 7. d3 e5 8. Rb1 a5 9. b3 Re8 10. Bb2 h6 11. e4 Nh7 12. Nd5 Be6 13. Ne1 f5 14. f4 Qd7 15. Qd2 Rf8 16. Nf3 fxe4 17. dxe4 exf4 18. Nxf4 g5 19. Nxe6 Qxe6 20. e5 Kh8 21. exd6 Qxd6 22. Qxd6 cxd6 23. Bxg7+ Kxg7 24. Rbd1 Rad8 25. Rfe1 Nf6 26. Nd4 Nxd4 27. Rxd4 Rf7 28. a3 Rc7 29. Re6 Rcd7 30. b4 axb4 31. axb4 Kf7 32. Re1 Ra8 33. Red1 Rad8 34. Bh3 Rc7 35. c5 d5 36. Bg2 Rcd7 37. Kf2 1/2-1/2

[Event "Serbian League Women 2024"]
[Site "Bajina Basta"]
[Date "2024.09.29"]
[Round "3.17"]
[White "Bivol, Alina"]
[Black "Muetsch, Annmarie"]
[Result "1-0"]
[ECO "B07"]
[WhiteElo "2345"]
[BlackElo "2290"]
[Annotator "RC"]
[PlyCount "107"]
[EventDate "2024.09.26"]
[EventType "team-tourn"]
[EventCountry "SRB"]
[SourceTitle "playchess.com"]
[Source "ChessBase"]
[SourceQuality "1"]
[TimeControl "40/5400+30:1800+30"]

1. e4 d6 2. d4 Nf6 3. Bd3 e5 4. c3 d5 5. dxe5 Nxe4 6. Nf3 Nc6 7. Nbd2 Nc5 8. Nb3 Nxd3+ 9. Qxd3 Be7 10. O-O O-O 11. Bf4 Be6 12. Rad1 Nb8 13. Nbd4 Nd7 14. Rfe1 c6 15. Qc2 Bg4 16. h3 Bh5 17. b4 a5 18. b5 Bg6 19. Qe2 c5 20. e6 cxd4 21. exd7 Bf6 22. Bd6 d3 23. Qb2 Qxd7 24. Bxf8 Rxf8 25. Ne5 Bxe5 26. Rxe5 Qd6 27. Re3 h6 28. h4 h5 29. Rdxd3 Bxd3 30. Rxd3 Qc5 31. Qd2 Rd8 32. a4 g6 33. Qg5 Rc8 34. Qf6 Qc4 35. Rf3 Rf8 36. Rf4 Qd3 37. g4 hxg4 38. h5 g3 39. h6 gxf2+ 40. Rxf2 Qd1+ 41. Rf1 Qg4+ 42. Kf2 Qf5+ 43. Qxf5 gxf5 44. Ke3 Rc8 45. Kd4 Rc4+ 46. Kxd5 Rxc3 47. Rxf5 Rh3 48. Rf6 Kf8 49. Kd6 Ke8 50. Kc7 Ke7 51. Rf4 Rxh6 52. Kxb7 Kd6 53. b6 Kc5 54. Ka7 1-0

[Event "Serbian League Women 2024"]
[Site "Bajina Basta"]
[Date "2024.09.29"]
[Round "3.18"]
[White "Brunello, Marina"]
[Black "Velikic, Adela"]
[Result "0-1"]
[ECO "B32"]
[WhiteElo "2348"]
[BlackElo "2260"]
[Annotator "RC"]
[PlyCount "124"]
[EventDate "2024.09.26"]
[EventType "team-tourn"]
[EventCountry "SRB"]
[SourceTitle "playchess.com"]
[Source "ChessBase"]
[SourceQuality "1"]
[TimeControl "40/5400+30:1800+30"]

1. e4 c5 2. Nf3 Nc6 3. d4 cxd4 4. Nxd4 e5 5. Nb5 d6 6. c4 g6 7. Bd3 a6 8. N5c3 Nf6 9. Be2 Bg7 10. Be3 O-O 11. O-O Be6 12. Na3 Nd4 13. Rc1 Rc8 14. h3 Nd7 15. b3 f5 16. f3 Qa5 17. Nab1 b5 18. Nd2 Nb6 19. Nd5 Bxd5 20. exd5 Qa3 21. Bxd4 exd4 22. cxb5 axb5 23. Bxb5 Qxa2 24. Rc6 Qa5 25. Qe2 Rce8 26. Nc4 Qxb5 27. Rxb6 Qxd5 28. Qd3 Re6 29. Ra6 Rfe8 30. Rfa1 h6 31. Ra7 Re1+ 32. Rxe1 Rxe1+ 33. Kf2 Re8 34. Rd7 Qe6 35. Rxg7+ Kxg7 36. Qxd4+ Kh7 37. Kg1 d5 38. Nb6 Qe1+ 39. Kh2 Qe5+ 40. Qxe5 Rxe5 41. Nd7 Re3 42. Nf6+ Kg7 43. Nxd5 Rxb3 44. Nf4 Rb4 45. Ne2 Rc4 46. Kg3 g5 47. f4 Kf6 48. Kf3 Ra4 49. Ke3 Ra2 50. Kf3 Ra3+ 51. Kf2 Rd3 52. Nc1 Rd1 53. Ne2 Ke6 54. Ke3 Re1 55. Kf2 Ra1 56. Nd4+ Kf6 57. Ne2 Ra3 58. Ke1 g4 59. h4 g3 60. Nd4 Rd3 61. Nf3 Re3+ 62. Kd2 Rxf3 0-1

[Event "Serbian League Women 2024"]
[Site "Bajina Basta"]
[Date "2024.09.29"]
[Round "3.19"]
[White "Zhurova, Anna"]
[Black "Mehmed, Elif"]
[Result "0-1"]
[ECO "B33"]
[WhiteElo "2199"]
[BlackElo "2228"]
[Annotator "RC"]
[PlyCount "102"]
[EventDate "2024.09.26"]
[EventType "team-tourn"]
[EventCountry "SRB"]
[SourceTitle "playchess.com"]
[Source "ChessBase"]
[SourceQuality "1"]
[TimeControl "40/5400+30:1800+30"]

1. e4 c5 2. Nf3 Nc6 3. d4 cxd4 4. Nxd4 Nf6 5. Nc3 e5 6. Ndb5 d6 7. Bg5 a6 8. Na3 b5 9. Nd5 Be7 10. Bxf6 Bxf6 11. c3 O-O 12. h4 Rb8 13. Nc2 a5 14. Qf3 b4 15. Bc4 bxc3 16. bxc3 a4 17. Nce3 Na5 18. Be2 Be6 19. g3 Nb7 20. Rd1 Nc5 21. O-O Be7 22. Rd2 Qd7 23. Rfd1 Bd8 24. Nb4 Qb7 25. Qg2 Ba5 26. Nbd5 Qa7 27. h5 Bd8 28. Nb4 Qb7 29. h6 g6 30. Rxd6 Be7 31. Rc6 Rfd8 32. Ned5 Bxd5 33. exd5 Bd6 34. Bc4 e4 35. Re1 f5 36. g4 Kh8 37. Qh3 f4 38. Qh4 Qf7 39. Rxc5 g5 40. Qh1 Bxc5 41. Rxe4 f3 42. Na6 Rb1+ 43. Bf1 Rxd5 44. Qh3 Bd6 45. Nc7 Re5 46. Rxe5 Bxe5 47. Ne6 Qxe6 48. Qxf3 Qxh6 49. Qa8+ Bb8 50. Qg2 Qh2+ 51. Qxh2 Bxh2+ 0-1

[Event "Serbian League Women 2024"]
[Site "Bajina Basta"]
[Date "2024.09.29"]
[Round "3.20"]
[White "Manakova, Maria"]
[Black "Srdanovic, Jovana"]
[Result "1-0"]
[ECO "B12"]
[WhiteElo "2185"]
[BlackElo "2142"]
[Annotator "RC"]
[PlyCount "93"]
[EventDate "2024.09.26"]
[EventType "team-tourn"]
[EventCountry "SRB"]
[SourceTitle "playchess.com"]
[Source "ChessBase"]
[SourceQuality "1"]
[TimeControl "40/5400+30:1800+30"]

1. e4 c6 2. d4 d5 3. f3 g6 4. e5 Bg7 5. f4 f6 6. Nf3 Nh6 7. Be2 O-O 8. O-O Bg4 9. c3 Qb6 10. Qb3 Nd7 11. Qxb6 axb6 12. Na3 b5 13. Nc2 Nb6 14. b3 Rfe8 15. Ne3 Bxf3 16. Bxf3 e6 17. g4 Nf7 18. h4 Nd7 19. g5 f5 20. Rf2 Bf8 21. c4 Bb4 22. Bd2 Bxd2 23. Rxd2 bxc4 24. bxc4 Ra3 25. Kf2 Nb6 26. Rb1 Nxc4 27. Nxc4 dxc4 28. Rxb7 Rea8 29. Bxc6 c3 30. Rc2 Nd8 31. Rc7 Nxc6 32. Rxc6 Rxa2 33. R6xc3 R8a3 34. Rc8+ Kf7 35. R8c7+ Kf8 36. Rxa2 Rxa2+ 37. Ke3 Ra3+ 38. Ke2 Ra2+ 39. Kd3 Rf2 40. Ke3 Rh2 41. Rxh7 Rh3+ 42. Ke2 Rh2+ 43. Kd3 Rf2 44. Kc4 Rxf4 45. Kc5 Kg8 46. Re7 Rxh4 47. Rxe6 1-0